 Dungeon Crawl Stone Soup version 0.29.1-2-gbd0b4ee654 (webtiles) character file.

Game seed: 11398115920937416657

183 KittyFluff the Cudgeller (level 5, -1/49 HPs)
             Began as a Gargoyle Berserker on Nov 23, 2022.
             Was a Believer of Trog.
             Slain by a worm (3 damage)
             ... on level 3 of the Dungeon.
             The game lasted 00:09:32 (2363 turns).

KittyFluff the Cudgeller (Gargoyle Berserker)       Turns: 2363, Time: 00:09:33

Health: -1/49      AC:  7    Str: 21    XL:     5   Next: 62%
Magic:  5/5        EV: 12    Int:  7    God:    Trog [**....]
Gold:   77         SH:  0    Dex: 11    Spells: 4/4 levels left

rFire   + . .      SeeInvis .   a - +0 mace
rCold   . . .      Faith    .   (no shield)
rNeg    + . .      Spirit   .   b - +0 animal skin
rPois   ∞          Reflect  .   (no helmet)
rElec   +          Harm     .   (no cloak)
rCorr   .          Rampage  .   p - +0 pair of gloves
Will    .....                   (no boots)
Stlth   ..........              (no amulet)
HPRegen 0.16/turn               k - ring of protection from fire
MPRegen 0.09/turn               (no ring)

@: berserking (expiring), very quick
A: sickness immunity, AC +4, negative energy resistance 1, electricity
resistance, torment resistance 1, petrification resistance
a: Renounce Religion, Berserk, Trog's Hand


You were on level 3 of the Dungeon.
You worshipped Trog.
Trog was pleased with you.
You visited 1 branch of the dungeon, and saw 3 of its levels.

You collected 77 gold pieces.

Inventory:

Hand Weapons
 a - a +0 mace (weapon)
 f - a +0 sling
Missiles
 g - 8 poisoned darts (quivered)
Armour
 b - a +0 animal skin (worn)
 p - a +0 pair of gloves (worn)
Jewellery
 k - a ring of protection from fire (left hand)
Scrolls
 i - a scroll of vulnerability {unknown}
 n - a scroll of summoning {unknown}
Potions
 c - 2 potions of degeneration {unknown}
 d - 3 potions of curing {unknown}
 e - a potion of resistance {unknown}
 h - 3 potions of haste {unknown}
 j - a potion of flight {unknown}
 l - a potion of magic {unknown}
 m - 2 potions of might {unknown}
 o - a potion of attraction {unknown}


   Skills:
 + Level 3.9 Fighting
 + Level 4.5 Maces & Flails
 * Level 3.6 Armour
 + Level 2.3 Dodging
 + Level 0.4 Stealth


You had 4 spell levels left.
You didn't know any spells.
Your spell library was empty.

Dungeon Overview and Level Annotations

Branches:
Dungeon (3/15)

Altars:

Shops:
D:3 *


Innate Abilities, Weirdness & Mutations

You are immune to sickness and miasma.
Your stone body is resilient. (AC +4)
You are immune to poison.
You resist negative energy. (rN+)
You are resistant to electric shocks. (rElec)
You are resistant to unholy torment.
You are immune to petrification.


Message History

The slug dart hits you.
You closely miss the gnoll. The gnoll hits you with a +0 spear.
The dart slug bites you but does no damage.
You hit the gnoll.
The gnoll is lightly wounded.
The gnoll hits you with a +0 spear.
You barely miss the gnoll.
The gnoll is lightly wounded.
The gnoll barely misses you.
A gnoll comes into view. It is wielding a +0 whip.
The dart slug barely misses you. The gnoll barely misses you.
You hit the gnoll but do no damage.
The gnoll is lightly wounded.
The dart slug bites you but does no damage.
You closely miss the gnoll.
The dart slug bites you but does no damage.
The gnoll misses you. The gnoll closely misses you.
A red film seems to cover your vision as you go berserk!
You feel yourself moving faster!
You feel mighty! The worm closely misses you. The gnoll closely misses you.
The gnoll hits you with a +0 flail!
* * * LOW HITPOINT WARNING * * *
The dart slug bites you but does no damage.
You sock the gnoll!
The gnoll is heavily wounded.
The gnoll hits you with a +0 spear.
* * * LOW HITPOINT WARNING * * *
The gnoll misses you.
You bludgeon the gnoll!!
You kill the gnoll!
Trog accepts your kill. The worm misses you. The dart slug misses you.
You sock the gnoll!
You kill the gnoll!
Trog accepts your kill.
You sock the worm!
The worm is severely wounded.
The gnoll hits you with a +0 whip!
* * * LOW HITPOINT WARNING * * *
The dart slug barely misses you. The worm bites you.
You die...

###########..#
#####
#...........##
#...[.......#
###..........##...
#.......>..........
#.........#####....
#......)..# ...
#...#.....# .
#####...@)# #..wwg#
#....... #(........
#...........
####........
#........ #........


You could see a worm, a gnoll and a dart slug.

Vanquished Creatures
  A necrophage (D:3)
  3 gnolls (D:3)
  3 adders (D:2)
  2 dart slugs
  3 ball pythons (D:1)
  8 bats
  An endoplasm (D:2)
  2 giant cockroaches (D:2)
  6 goblins (D:2)
  7 hobgoblins
  4 jackals (D:1)
  4 quokkas
  2 frilled lizards
  6 kobolds
  7 rats
59 creatures vanquished.

Notes
Turn   | Place    | Note
-------+----------+-------------------------------------------
     0 | D:1      | KittyFluff the Gargoyle Berserker began the quest for the
                  | Orb.
     0 | D:1      | Reached XP level 1. HP: 14/14 MP: 1/1
   131 | D:1      | Reached XP level 2. HP: 5/19 MP: 2/2
   991 | D:1      | Reached XP level 3. HP: 20/23 MP: 3/3
  1563 | D:2      | Reached ** piety under Trog
  1586 | D:2      | Reached XP level 4. HP: 23/28 MP: 4/4
  1777 | D:2      | Reached skill level 4 in Maces & Flails
  2253 | D:3      | Noticed a necrophage
  2256 | D:3      | Found Tifiata's General Store.
  2275 | D:3      | Killed a necrophage
  2276 | D:3      | Reached XP level 5. HP: 33/33 MP: 5/5
  2363 | D:3      | HP: 2/49 [gnoll/+0 whip (7)]
  2363 | D:3      | Slain by a worm

Illustrated notes

Levels and vault maps discovered:
D:1:      elethiomel_arrival_quiet, layout_basic,
          hellmonk_ecumenical_altar_leap_of_faith
D:2:      layout_loops_ring, minmay_goblin_outpost
D:3:      layout_basic, lemuel_crystal_altar, serial_shops, shop,
          nicolae_shop_statue_plus, shop, nicolae_shop_stone, uniq_terence

Skill      XL: |  1  2  3  4 |
---------------+-------------+-----
Armour         | 3 |  3.6
Dodging        | 2 |  2.3
Maces & Flails | 4 |  4.5
Fighting       | |  3.9
Stealth        | |  0.4

Action                   |  1- 3 |  4- 6 || total
-------------------------+-------+-------++-------
Melee: Mace              |    99 |    94 ||   193
       Punch             |     2 |       ||     2
Invok: Berserk           |       |     1 ||     1
Armor: Animal skin       |    32 |    46 ||    78
Dodge: Dodged            |    81 |    91 ||   172
